 Dungeon Crawl Stone Soup version 0.27-a0-1280-g9d2d252d84 (webtiles) character file.

Game seed: 1121990390911112742

690 Johnny the Magician (level 7, -1/44 HPs)
             Began as a Deep Elf Earth Elementalist on June 13, 2021.
             Slain by Edmund (14 damage)
             ... on level 4 of the Dungeon.
             The game lasted 00:03:39 (4306 turns).

Johnny the Magician (Deep Elf Earth Elementalist)   Turns: 4306, Time: 00:03:40

Health: -1/44      AC:  2    Str:  5    XL:     7   Next: 36%
Magic:  15/18      EV: 12    Int: 22    God:
Gold:   224        SH:  0    Dex: 15    Spells: 14/18 levels left

rFire    . . .     SeeInvis .   g - staff of conjuration
rCold    . . .     Faith    .   (no shield)
rNeg     . . .     Spirit   .   c - +0 robe
rPois    .         Reflect  .   (no helmet)
rElec    .         Harm     .   (no cloak)
rCorr    .         Rampage  .   (no gloves)
Will     .....                  (no boots)
Stlth    ++........             (no amulet)
HPRegen  0.14/turn              (no ring)
MPRegen  0.16/turn              (no ring)

@: studying Short Blades
A: no striking features
a: no special abilities


You were on level 4 of the Dungeon.
You visited 1 branch of the dungeon, and saw 5 of its levels.
You also visited: Sewer.

You collected 224 gold pieces.

Inventory:

Missiles
 b - 42 stones
 e - 2 curare-tipped darts
Armour
 c - a +0 robe (worn)
Magical Staves
 g - a staff of conjuration (weapon)
Scrolls
 d - 3 scrolls of identify {unknown}
 f - 2 scrolls of amnesia {unknown}
 i - a scroll of enchant weapon {unknown}
 l - a scroll of holy word {unknown}
 m - 3 scrolls of teleportation {unknown}
 n - a scroll of noise {unknown}
 r - a scroll of vulnerability {unknown}
Potions
 a - a potion of heal wounds {unknown}
 h - a potion of magic {unknown}
 j - a potion of curing
 k - a potion of haste {unknown}
 o - a potion of degeneration {unknown}
 p - a potion of resistance {unknown}
 q - 2 potions of attraction {unknown}
 s - a potion of mutation {unknown}
 t - a potion of ambrosia {unknown}


   Skills:
 * Level 4.6 Fighting
 - Level 2.4 Dodging
 - Level 2.4 Stealth
 + Level 6.0 Spellcasting
 - Level 1.1 Transmutations
 + Level 5.4 Earth Magic


You had 14 spell levels left.
You knew the following spells:

 Your Spells              Type           Power      Damage    Failure   Level
a - Sandblast             Erth           60%        2d14      1%          1
b - Stone Arrow           Conj/Erth      56%        3d10      9%          3

Your spell library contained the following spells:

 Spells                   Type           Power      Damage    Failure   Level
 Passwall                 Tmut/Erth      17%        N/A       3%          2
 Magic Dart               Conj           36%        1d4       9%          1
 Searing Ray              Conj           18%        3d3       14%         2
 Petrify                  Tmut/Erth      21%        N/A       24%         4
 Dazzling Flash           Conj/Hex       18%        N/A       26%         3
 Lee's Rapid Deconstruct  Erth           15%        3d11*     26%         5
 Fulminant Prism          Conj/Hex       4%         3d6       65%         4
 Iskenderun's Mystic Bla  Conj/Tloc      9%         2d4       65%         4


Dungeon Overview and Level Annotations

Branches:
Dungeon (5/15)              Sewer (visited)
 Temple: D:4-7

Altars:
Zin

Annotations:
D:4 Edmund


Message History

You can't see any susceptible monsters within range! (Use Z to cast anyway.) Magic restored.
Found a short sword.
Edmund the Younger comes into view.
He is wielding a +2 dire flail of venom.
Edmund is nearby!
An ufetubus comes into view.
Edmund shouts!
The ufetubus shouts!
The ufetubus closely misses you. The ufetubus barely misses you.
The ufetubus closely misses you. x2
You hit the ufetubus but do no damage. The ufetubus hits you.
The ufetubus barely misses you.
The ufetubus hits you but does no damage.
The ufetubus hits you.
Casting: Stone Arrow (dangerous; 9% risk of failure)
Confirm with . or Enter, or press ? or * to list all spells.
Aiming: Sandblast (safe; 1% risk of failure)
Press: ? - help, Shift-Dir - straight line, f - ufetubus
Aim: an ufetubus (70% to hit)
The blast of sand hits the ufetubus!!
You kill the ufetubus!
Edmund hits you with a +2 dire flail of venom!
You are poisoned.
You feel very sick.
Casting: Sandblast (safe; 1% risk of failure)
Confirm with . or Enter, or press ? or * to list all spells.
Aiming: Stone Arrow (dangerous; 9% risk of failure)
Press: ? - help, Shift-Dir - straight line, f - Edmund
Aim: Edmund, wielding a +2 dire flail of venom and wearing a +0 scale mail (75% to hit)
You feel a surge of power!
The stone arrow hits Edmund!!
Edmund is heavily wounded.
You feel very sick.
Edmund hits you with a +2 dire flail of venom!
You are lethally poisoned!
* * * LOW HITPOINT WARNING * * *
You feel extremely sick.
* * * LOW HITPOINT WARNING * * *
You feel very sick.
It was a potion of curing.
You feel better.
Edmund hits you with a +2 dire flail of venom!
You die...

(#..##.##...............#
<.......................#
....#.#..................
....#...................+
....###......####.####..#
. +........####.#
#######.......#
........## .......@#
........@# .........#
.........# .).........#
.....≈.....# ....≈≈.....#
...≈≈.≈....# ...≈..≈....#


You could see Edmund.

Vanquished Creatures
  Sigmund (D:4)
  A water moccasin (Sewer)
  2 centaurs (D:4)
  A wyvern skeleton (D:5)
  2 iguanas
  4 adders
  A river rat (D:5)
  2 ufetubi (D:4)
  An adder zombie (D:5)
  An adder skeleton (D:4)
  2 worms
  A dart slug (D:2)
  7 orcs
  8 bats
  5 endoplasms
  5 goblins
  5 hobgoblins
  16 jackals
  5 kobolds
  3 quokkas
  11 ball pythons
  3 rats
87 creatures vanquished.

Notes
Turn   | Place    | Note
-------+----------+-------------------------------------------
     0 | D:1      | Johnny the Deep Elf Earth Elementalist began the quest for
                  | the Orb.
     0 | D:1      | Reached XP level 1. HP: 10/10 MP: 6/6
   214 | D:1      | Reached XP level 2. HP: 16/16 MP: 6/8
   424 | D:1      | Reached skill level 1 in Fighting
   571 | D:1      | Noticed an eye of devastation
   573 | D:1      | Found a faded altar of an unknown god.
   579 | D:1      | Noticed a shining eye
   579 | D:1      | Noticed a floating eye
   579 | D:1      | Noticed a golden eye
   907 | D:1      | Reached XP level 3. HP: 17/20 MP: 7/10
  1917 | D:2      | Reached XP level 4. HP: 26/26 MP: 9/11
  1935 | D:2      | Found a glowing silver altar of Zin.
  2481 | D:3      | Reached skill level 4 in Spellcasting
  2695 | D:3      | Noticed an ice beast
  2697 | D:3      | You fall into a shaft and drop 2 floors!
  2697 | D:5      | Entered Level 5 of the Dungeon
  2795 | D:5      | Learned a level 3 spell: Stone Arrow
  2843 | D:5      | Reached XP level 5. HP: 10/32 MP: 7/13
  2974 | D:5      | Found a glowing drain.
  2979 | Sewer    | Entered a sewer
  3320 | Sewer    | Noticed a water moccasin
  3325 | Sewer    | Killed a water moccasin
  3326 | Sewer    | Reached skill level 5 in Spellcasting
  3326 | Sewer    | Reached XP level 6. HP: 31/37 MP: 9/15
  3827 | D:4      | Noticed Sigmund
  3831 | D:4      | Killed Sigmund
  3832 | D:4      | Reached skill level 5 in Earth Magic
  3982 | D:4      | Reached XP level 7. HP: 22/44 MP: 11/17
  3990 | D:4      | Reached skill level 6 in Spellcasting
  4296 | D:4      | Noticed Edmund
  4306 | D:4      | Slain by Edmund

Illustrated notes

Levels and vault maps discovered:
D:1:      grunt_arrival_lava_bath, layout_loops_cross,
          hellmonk_ecumenical_altar_watching_god
D:2:      layout_loops_ring, basic_altar, nrook_campfire,
          small_statue_intersection, kennysheep_big_empty_room
D:3:      layout_basic, minmay_box_of_dots
D:4:      layout_basic, serial_rivers, chequers_serial_rivers_small_b,
          chequers_serial_rivers_small_a, chequers_serial_rivers_micro_a,
          chequers_serial_rivers_room_a, chequers_serial_rivers_large_a,
          minmay_manual_mares, uniq_sigmund, uniq_edmund, uniq_blork_the_orc,
          uniq_pikel
D:5:      layout_cave_pods, nemelex_diamond_rough_becter,
          lightli_sewer_entry_pipes

Skill      XL: |  1  2  3  4  5  6  7 |
---------------+----------------------+-----
Fighting       | 1 2 3 4 |  4.6
Spellcasting   | 4 5 6 |  6.0
Earth Magic    | 4 5 |  5.4
Dodging        | |  2.4
Stealth        | |  2.4
Transmutations | |  1.1

Action                   |  1- 3 |  4- 6 |  7- 9 || total
-------------------------+-------+-------+-------++-------
Melee: Unarmed           |     7 |       |       ||     7
       Staff             |    32 |     7 |     2 ||    41
 Cast: Sandblast         |    47 |    60 |     9 ||   116
       Stone Arrow       |       |     8 |     2 ||    10
  Use: Potion            |       |       |     1 ||     1
 Stab: Sleeping          |     2 |       |       ||     2
Armor: Robe              |    10 |     7 |     2 ||    19
Dodge: Dodged            |    54 |    25 |    11 ||    90

Table legend: (Time is in decaauts)
 A = Elapsed time spent in this place.
 B = Non-inter-level travel time spent in this place.
 C = Inter-level travel time spent in this place.
 D = Time resting spent in this place.
 E = Time spent auto-exploring this place.
 F = Levels seen in this place.
 G = Mean time per level.
                   A        B        C        D        E       F      G
               +--------+--------+--------+--------+--------+-----+--------+
         Total |   4358 |   4333 |     25 |    722 |   3071 |   6 |  726.3 |
       Dungeon |   3830 |   3805 |     25 |    474 |   2830 |   5 |  766.0 |
         Sewer |    528 |    528 |      0 |    248 |    241 |   1 |  528.0 |
               +--------+--------+--------+--------+--------+-----+--------+

Top non-repeatable levels by time:
     D:2: 1261 daAuts
     D:1: 1052 daAuts
     D:5: 632 daAuts
   Sewer: 528 daAuts
     D:4: 494 daAuts
     D:3: 388 daAuts
